 Dungeon Crawl Stone Soup version 0.18.1-48-g4cf74bf (webtiles) character file.

127 tyranidshit the Skirmisher (level 4, -2/39 HPs)
             Began as a Demonspawn Abyssal Knight on Sept 10, 2016.
             Was a Believer of Lugonu.
             Killed by divine providence
             ... invoked by an orc priest
              (10 damage)
             ... on level 3 of the Dungeon.
             The game lasted 00:04:07 (1858 turns).

tyranidshit the Skirmisher (DsAK)                   Turns: 1858, Time: 00:04:07

Health: -2/39      AC: 12    Str: 13    XL:     4   Next: 85%
Magic:  0/5        EV:  7    Int: 14    God:    Lugonu [**....]
Gold:   66         SH:  0    Dex: 12    Spells: 0 memorised, 3 levels left

rFire  . . .     SeeInvis .     a - +2 hand axe
rCold  . . .     Gourm    .     p - +0 chain mail
rNeg   . . .     Faith    .     (no shield)
rPois  .         Spirit   +     (no helmet)
rElec  .         Dismiss  .     (no cloak)
rCorr  .         Reflect  .     (no gloves)
SustAt .         Harm     .     (no boots)
MR     .....                    (no amulet)
Stlth  ..........               k - ring of stealth
                                d - +4 ring of protection

@: very slightly contaminated, not resistant to hostile enchantments, extremely
unstealthy
A: magic shield, sturdy frame 1
a: Depart the Abyss, Bend Space, Renounce Religion


You were on level 3 of the Dungeon.
You worshipped Lugonu.
Lugonu was pleased with you.
You were not hungry.

You visited 1 branch of the dungeon, and saw 3 of its levels.
You visited the Abyss 1 time.

You collected 66 gold pieces.

Inventory:

Hand Weapons
 a - a +2 hand axe (weapon)
Armour
 b - a +0 leather armour
 e - a +0 ring mail
 p - a +0 chain mail (worn)
Jewellery
 d - a +4 ring of protection (left hand)
 k - a ring of stealth (right hand)
Scrolls
 h - a scroll of identify
Potions
 g - a potion of magic
Comestibles
 c - 4 bread rations
 l - a meat ration
 n - 3 fruits


   Skills:
 + Level 5.6 Fighting
 - Level 1.7 Axes
 - Level 1.7 Armour
 - Level 0.8 Dodging
 - Level 2.4 Invocations


You had 3 spell levels left.
You didn't know any spells.

Dungeon Overview and Level Annotations

Branches:
Dungeon (3/15)

Altars:

Annotations:
D:2 Crazy Yiuf


Innate Abilities, Weirdness & Mutations

When hurt, damage is shared between your health and your magic reserves.
Your movements are slightly less encumbered by armour (ER -2).


Message History

The orc priest closely misses you.
Unknown command.
You hit the orc priest.
The orc priest is moderately wounded.
The orc priest barely misses you.
Unknown command.
You hit the orc priest.
The orc priest is moderately wounded.
The orc priest barely misses you.
Unknown command.
You hit the orc priest.
The orc priest is severely wounded.
The orc priest hits you.
* * * LOW HITPOINT WARNING * * *
Unknown command.
You closely miss the orc priest.
The orc priest is severely wounded.
The orc priest mumbles some strange prayers to Beogh against you.
Beogh smites you!
You die...

#........#
#.##.###.# #.
#..##.#
#.##...#.###.##.
+...............
#.##...#.###...
#. ##.##.#
#.######.#
#..@oo...#
########.# #.#
#.# #.# ..# ###


You could see an orc priest and an orc.

Vanquished Creatures
  A centaur skeleton (D:3)
  An orc wizard (D:3)
  An adder (D:2)
  3 worms (D:2)
  2 dart slugs
  A giant gecko (D:2)
  An orc (D:3)
  4 bats
  3 goblins
  4 hobgoblins (D:1)
  10 jackals
  2 giant newts (D:1)
  7 kobolds
  6 rats
46 creatures vanquished.

Notes
Turn   | Place    | Note
--------------------------------------------------------------
     0 | Abyss:1  | tyranidshit the Demonspawn Abyssal Knight began the quest for the Orb.
     0 | Abyss:1  | Reached XP level 1. HP: 18/18 MP: 2/2
    84 | Abyss:1  | Noticed a hellwing
    85 | Abyss:1  | Noticed an iron imp
    88 | Abyss:1  | Noticed a small abomination
   104 | D:1      | Escaped the Abyss
   116 | D:1      | Gained mutation: Your movements are slightly less encumbered by armour (ER -2). [demonic ancestry]
   116 | D:1      | Reached XP level 2. HP: 18/24 MP: 3/3
   181 | D:1      | Reached * piety under Lugonu
   377 | D:1      | Reached skill level 4 in Fighting
   946 | D:1      | Gained mutation: When hurt, damage is shared between your health and your magic reserves. [demonic ancestry]
   946 | D:1      | Reached XP level 3. HP: 30/30 MP: 4/4
  1326 | D:2      | Reached ** piety under Lugonu
  1575 | D:2      | Noticed Crazy Yiuf
  1795 | D:3      | Reached XP level 4. HP: 25/38 MP: 5/5
  1799 | D:3      | Reached skill level 5 in Fighting
  1858 | D:3      | Killed from afar by an orc priest

Skill      XL: |  1  2  3  4 |
---------------+-------------+-----
Fighting       | 4 5 |  5.6
Axes           | |  1.7
Armour         | |  1.7
Dodging        | |  0.8
Invocations    | |  2.4

Action                   |  1- 3 |  4- 6 || total
-------------------------+-------+-------++-------
Melee: Hand axe          |   149 |    34 ||   183
Invok: Depart the Abyss  |     1 |       ||     1
  Use: Scroll            |     4 |     1 ||     5
       Potion            |     2 |       ||     2
  Eat: Bread ration      |     1 |       ||     1
Armor: Leather armour    |    14 |       ||    14
       Ring mail         |    57 |       ||    57
       Chain mail        |    16 |    18 ||    34
Dodge: Dodged            |   118 |    12 ||   130
